 Dungeon Crawl Stone Soup version 0.21.1-1-g345015f (webtiles) character file.

56 Goblin1989 the Firebug (level 3, -4/26 HPs)
             Began as a Draconian Fire Elementalist on Mar 7, 2018.
             Blown up by Ijyb (19 damage)
             ... with a wand of disintegration (15)
             ... on level 2 of the Dungeon.
             The game lasted 00:06:33 (1789 turns).

Goblin1989 the Firebug (DrFE)                       Turns: 1789, Time: 00:06:34

Health: -4/26      AC:  5    Str: 10    XL:     3   Next: 69%
Magic:  1/6        EV: 12    Int: 16    God:
Gold:   79         SH:  0    Dex: 11    Spells: 5/6 levels left

rFire    . . .     SeeInvis .   t - -2 short sword (curse)
rCold    . . .     Gourm    .   (no shield)
rNeg     . . .     Faith    .   (armour unavailable)
rPois    .         Spirit   .   (helmet restricted)
rElec    .         Reflect  .   (no cloak)
rCorr    .         Harm     +   (no gloves)
MR       .....                  (no boots)
Stlth    ++........             i - amulet of harm
HPRegen  0.08/turn              (no ring)
MPRegen  0.10/turn              (no ring)

@: no status effects
A: unfitting armour, cold-blooded, AC +5
a: no special abilities


You were on level 2 of the Dungeon.
You were not hungry.

You visited 1 branch of the dungeon, and saw 2 of its levels.

You collected 79 gold pieces.

Inventory:

Hand Weapons
 o - a +0 mace
 p - a +1 hunting sling
 t - a cursed -2 short sword (weapon)
Missiles
 m - 39 stones (quivered) {@Q3}
Jewellery
 i - an amulet of harm (around neck)
Potions
 k - a potion of degeneration {unknown}
 n - a potion of heal wounds {unknown}
 q - a potion of might {unknown}
 r - a potion of curing {@q1}
 s - 2 potions of berserk rage {unknown}
Books
 a - a book of Flames

   Spells                             Type                      Level
   a - Flame Tongue                   Conjuration/Fire             1
   b - Throw Flame                    Conjuration/Fire             2
   c - Conjure Flame                  Conjuration/Fire             3
   d - Inner Flame                    Hexes/Fire                   3
   e - Sticky Flame                   Conjuration/Fire             4
   f - Fireball                       Conjuration/Fire             5
Comestibles
 e - 2 rations


   Skills:
 - Level 1.7 Dodging
 - Level 1.7 Stealth
 + Level 2.4 Spellcasting
 * Level 2.3 Conjurations
 * Level 3.7 Fire Magic


You had 5 spell levels left.
You knew the following spells:

 Your Spells              Type           Power        Failure   Level  Hunger
a - Flame Tongue          Conj/Fire      ##...        5%          1    #......


Dungeon Overview and Level Annotations

Branches:
Dungeon (2/15)

Altars:

Annotations:
D:2 Ijyb


Innate Abilities, Weirdness & Mutations

Your plain brown scales are hard. (AC +5)
You cannot fit into any form of body armour.
You are cold-blooded and may be slowed by cold attacks.


Message History

Aim: a goblin, wielding a club The flame tongue hits the goblin.
You kill the goblin!
You now have 4/6 mp.
Casting: Flame Tongue
Confirm with . or Enter, or press ? or * to list all spells.
Aiming: Flame Tongue
Press: ? - help, Shift-Dir - straight line, f - goblin
Aim: a goblin The flame tongue hits the goblin.
You kill the goblin!
The goblin shouts!
You now have 3/6 mp.
Casting: Flame Tongue
Confirm with . or Enter, or press ? or * to list all spells.
You can't see any susceptible monsters within range! (Use Z to cast anyway.)
Casting: Flame Tongue
Confirm with . or Enter, or press ? or * to list all spells.
Aiming: Flame Tongue
Press: ? - help, Shift-Dir - straight line, f - goblin
Aim: a goblin, wielding a club The flame tongue hits the goblin.
You kill the goblin!
You now have 3/6 mp.
Casting: Flame Tongue
Confirm with . or Enter, or press ? or * to list all spells.
You can't see any susceptible monsters within range! (Use Z to cast anyway.) Ijyb the Twisted Goblin comes into view.
Ijyb shouts!
Ijyb screams, "Level is mine!
All mine!"
Ijyb screams, "Me very upset!"
There is a stone staircase leading down here.
You start resting.
Eating a chunk of flesh.
You eat the chunk of flesh.
This raw flesh tastes terrible.
Casting: Flame Tongue
Confirm with . or Enter, or press ? or * to list all spells.
Aiming: Flame Tongue
Press: ? - help, Shift-Dir - straight line, f - Ijyb
Aim: Ijyb, wearing a ring mail The flame tongue hits Ijyb.
Ijyb is lightly wounded.
Ijyb screams, "Me stronger than you!"
You now have 4/6 mp.
Casting: Flame Tongue
Confirm with . or Enter, or press ? or * to list all spells.
Aiming: Flame Tongue
Press: ? - help, Shift-Dir - straight line, f/p - Ijyb
Aim: Ijyb, wearing a ring mail (lightly wounded)
The flame tongue hits Ijyb.
Ijyb is lightly wounded.
Ijyb barely misses you.
You now have 3/6 mp.
Casting: Flame Tongue
Confirm with . or Enter, or press ? or * to list all spells.
Aiming: Flame Tongue
Press: ? - help, Shift-Dir - straight line, f/p - Ijyb
Aim: Ijyb, wearing a ring mail (lightly wounded)
The flame tongue hits Ijyb.
Ijyb appears unharmed.
Ijyb is lightly wounded.
Ijyb barely misses you.
You now have 2/6 mp.
Casting: Flame Tongue
Confirm with . or Enter, or press ? or * to list all spells.
Aiming: Flame Tongue
Press: ? - help, Shift-Dir - straight line, f/p - Ijyb
Aim: Ijyb, wearing a ring mail (lightly wounded)
The flame tongue hits Ijyb.
Ijyb appears unharmed.
Ijyb is lightly wounded.
Ijyb closely misses you.
Casting: Flame Tongue
Confirm with . or Enter, or press ? or * to list all spells.
Aiming: Flame Tongue
Press: ? - help, Shift-Dir - straight line, f/p - Ijyb
Aim: Ijyb, wearing a ring mail (lightly wounded)
The flame tongue hits Ijyb.
Ijyb appears unharmed.
Ijyb is lightly wounded.
Ijyb hits you but does no damage.
You now have 1/6 mp.
Casting: Flame Tongue
Confirm with . or Enter, or press ? or * to list all spells.
Aiming: Flame Tongue
Press: ? - help, Shift-Dir - straight line, f/p - Ijyb
Aim: Ijyb, wearing a ring mail (lightly wounded)
The flame tongue hits Ijyb.
Ijyb is moderately wounded.
Ijyb closely misses you.
You now have 0/6 mp.
You completely miss Ijyb.
Ijyb is moderately wounded.
Ijyb closely misses you.
You barely miss Ijyb.
Ijyb is moderately wounded.
Ijyb hits you but does no damage.
Ijyb screams, "No!
No, no, no, no!"
Ijyb zaps a wand.
You are blasted!
It is a wand of disintegration (16).
You take 12 damage, and have 14/26 hp.
MASSIVE DAMAGE!!
Ijyb zaps a wand.
You barely resist.
Ijyb zaps a wand.
You are blasted!
Ouch! That really hurt!
You die...

.█.██..█.█████ █.......
.█.██.█..██████████ ██.██████
.█..█.█...........█ ██.█.██
.██.█.█...███████.██████.███.██
█ .██.█.█...██ ███......[██
██.██. .█.█..█....█
██.████████.███.....
..███.██...███...██ █..█.████.
.██ ██............█ █.█.██ ██
█.███.███..███..@██ ████.█.█ █
██.█.██ █..█ ██.██ ██.██.█.█
███.███ █..█ █.█ ██.█.█.█.█
█.....█ █..████.███.███..█.█
█.███.█ █...g.g.>.....██.█.█
..█ ███ ███████.███.█......█ █
..██ ██.████.█.█.███ █ ...█
█....███.██.████████ .███
████.██████....).g.)


You could see Ijyb.

Vanquished Creatures
  An ooze (D:1)
  A dart slug (D:1)
  A leopard gecko (D:1)
  2 giant cockroaches (D:2)
  5 goblins
  7 hobgoblins
  5 kobolds
  3 quokkas (D:2)
  11 bats
  2 frilled lizards (D:1)
  3 rats
41 creatures vanquished.

Notes
Turn   | Place    | Note
-------+----------+-------------------------------------------
     0 | D:1      | Goblin1989 the Draconian Fire Elementalist began the quest for the Orb.
     0 | D:1      | Reached XP level 1. HP: 14/14 MP: 3/3
   406 | D:1      | Reached XP level 2. HP: 16/20 MP: 0/5
  1003 | D:1      | Reached XP level 3. HP: 26/26 MP: 2/6
  1747 | D:2      | Noticed Ijyb
  1789 | D:2      | Blown up by Ijyb

Skill      XL: |  1  2 |
---------------+-------+-----
Conjurations   | 2 |  2.3
Dodging        | |  1.7
Stealth        | |  1.7
Spellcasting   | |  2.4
Fire Magic     | |  3.7

Action                   || total
-------------------------++-------
Melee: Unarmed           ||    10
       Tailslap          ||     1
       Short sword       ||     2
 Fire: Hunting sling     ||    11
 Cast: Flame Tongue      ||    76
  Use: Scroll            ||     2
  Eat: Chunk             ||     4
Armor: Skin              ||    24
Dodge: Dodged            ||    66

Vault maps used:
D:1:      dpeg_arrival_three_smaller_balls, minmay_pentomino_u4
D:2:      kennysheep_the_goblin_king, doesnt_xom_only_xom
